 Dungeon Crawl Stone Soup version 0.19-a0-1170-g18f0c96 (webtiles) character file.

37554961 4thArraOfDagon the Markstroll (level 27, 234/234 HPs)
             Began as a Troll Artificer on Aug 16, 2016.
             Was the Champion of Vehumet.
             Escaped with the Orb
             ... and 15 runes!
             The game lasted 05:00:20 (39073 turns).

4thArraOfDagon the Markstroll (Troll Artificer)    Turns: 39073, Time: 05:00:20

Health: 234/234    AC: 13    Str: 33    XL:     27
Magic:  36/51      EV: 18    Int: 20    God:    Vehumet [******]
Gold:   1464       SH: 33    Dex: 20    Spells: 11 memorised, 8 levels left

rFire  + . .     SeeInvis +       - Unarmed
rCold  . . .     Gourm    +     R - +0 robe of the Queen {Dex+6}
rNeg   . . .     Faith    .     H - +10 large shield of Tipnuet {Str+3 SInv}
rPois  +         Spirit   .     A - +3 hat of Pondering {ponderous, MR+ MP+10 Int+5}
rElec  .         Dismiss  .     G - +2 cloak of the Thief {+Fog Slay-2 SInv Stlth+}
rCorr  .         Reflect  .     (gloves unavailable)
MR     ++++.     Harm     .     (boots unavailable)
Stlth  +.........               N - amulet "Maulim" {Regen+ Str+4}
                                P - ring of Midwinter {Wiz +Blink Int+3 Dex+4}
                                x - ring of protection from fire

@: studying Ice Magic, repel missiles, slow
A: unfitting armour, claws 3, hooves 1, icy blue scales 1, rugged brown scales
1, blurry vision 1, deformed body, dopey 2, fast metabolism 3, frail 2,
gourmand, magic resistance 1, poison resistance, regeneration 2, screaming 2,
shaggy fur 1, tough skin 2, weak 1, evolution 1, no device heal 2
a: Renounce Religion, Evoke Blink, Evoke Fog
0: Orb of Zot
}: 15/15 runes: decaying, slimy, silver, golden, iron, obsidian, icy, bone,
abyssal, demonic, glowing, magical, fiery, dark, gossamer


You escaped.
You worshipped Vehumet.
Vehumet was exalted by your worship.
You were not hungry.

You visited 17 branches of the dungeon, and saw 89 of its levels.
You visited Pandemonium 10 times, and saw 38 of its levels.
You visited the Abyss 7 times.
You visited 1 ziggurat, and saw 9 of its levels.
You also visited: Ossuary, Bailey, Ice Cave and Volcano.

You collected 3400 gold pieces.
You spent 1936 gold pieces at shops.

Inventory:

Hand Weapons
 d - the +1 longbow of Valiance {flame, rF+ MR+ Str+2 Dex+2}
   (You took it off a red devil in Pandemonium)

   It causes projectiles fired from it to burn those they strike, causing extra
   injury to most foes and up to half again as much damage against particularly
   susceptible opponents.
   It affects your strength (+2).
   It affects your dexterity (+2).
   It protects you from fire.
   It affects your resistance to hostile enchantments.
Missiles
 I - 48 large rocks (quivered)
Armour
 f - the +0 cloak of Lamyps {rElec Regen+, unknown}
   (You found it on level 7 of Cocytus)

   It insulates you from electricity.
   It increases your rate of regeneration.
 A - the +3 hat of Pondering (worn) {ponderous, MR+ MP+10 Int+5}
   (You found it on level 4 of the Vaults)

   It affects your intelligence (+5).
   It affects your resistance to hostile enchantments.
   It affects your magic capacity (+10).
 G - the +2 cloak of the Thief (worn) {+Fog Slay-2 SInv Stlth+}
   (You bought it in a shop on level 2 of the Elven Halls)

   It affects your accuracy and damage with ranged weapons and melee attacks
   (-2).
   It lets you see invisible.
   It can be evoked to emit clouds of fog.
   It makes you more stealthy.
 H - the +10 large shield of Tipnuet (worn) {Str+3 SInv}
   (You acquired it in Pandemonium)

   It affects your strength (+3).
   It lets you see invisible.
 R - the +0 robe of the Queen (worn) {Dex+6}
   (You found it on level 8 of a ziggurat)

   It affects your dexterity (+6).
 U - the +0 shield "Xusorgh" {rN+ Regen+ Str+7 Stlth-, unknown}
   (You acquired it in Pandemonium)

   It affects your strength (+7).
   It protects you from negative energy.
   It increases your rate of regeneration.
   It makes you less stealthy.
Magical Staves
 p - an uncursed staff of energy {!a}
Rods
 Z - a +4 lightning rod (12/12)
   (You took it off a deep elf sorcerer on level 3 of the Elven Halls)
Jewellery
 r - the ring "Qirreun" {rN+ Str+4 Int+4 Stlth+}
   (You took it off a vault guard on level 5 of the Vaults)

   [ring of positive energy]

   It affects your strength (+4).
   It affects your intelligence (+4).
   It protects you from negative energy.
   It makes you more stealthy.
 x - a ring of protection from fire (left claw)
 L - an uncursed ring of protection from fire
 N - the amulet "Maulim" (around neck) {Regen+ Str+4}
   (You found it on level 4 of the Swamp)

   [amulet of regeneration]

   It affects your strength (+4).
   It increases your rate of regeneration.
 P - the ring of Midwinter (right claw) {Wiz +Blink Int+3 Dex+4}
   (You found it on level 3 of the Tomb of the Ancients)

   [ring of wizardry]

   It improves your spell success rate.
   It affects your intelligence (+3).
   It affects your dexterity (+4).
   It lets you blink.
 T - the ring "Wabynk" {Ice rPois Str+4}
   (You found it on level 5 of the Pits of Slime)

   [ring of ice]

   It enhances your ice magic.
   It affects your strength (+4).
   It makes you vulnerable to fire.
   It protects you from cold.
   It protects you from poison.
 X - the ring "Uqyusm" {rPois rN+}
   (You took it off a crimson imp in Pandemonium)

   [ring of poison resistance]

   It protects you from poison.
   It protects you from negative energy.
 Y - the ring of Shadows {Umbra +Inv Stlth+}
   (You acquired it on level 2 of the Abyss)

   [ring of stealth]

   It lets you turn invisible.
   It makes you more stealthy.
Wands
 j - a wand of hasting (1/9)
 v - a wand of heal wounds (4/9)
 O - a wand of disintegration (5/24)
 Q - a wand of teleportation (2/9)
Scrolls
 g - 4 scrolls of holy word
 s - 3 scrolls of blinking
 u - a scroll of summoning
 z - a scroll of recharging
 B - 4 scrolls of remove curse
 E - 5 scrolls of silence
 M - 9 scrolls of fog
Potions
 c - 3 potions of invisibility
 h - 6 potions of brilliance
 i - 2 potions of resistance
 q - 13 potions of curing
 t - a potion of cancellation
 w - 5 potions of might
 y - 2 potions of berserk rage
 D - a potion of agility
 F - 6 potions of ambrosia
 K - a potion of heal wounds
 V - 3 potions of cure mutation
 W - 3 potions of magic
Books
 k - a manual of Ice Magic
Miscellaneous
 e - 5 sacks of spiders
 m - 3 boxes of beasts
 n - a figurine of a ziggurat
 o - a fan of gales
 C - a phial of floods
 J - 4 phantom mirrors
 S - a lamp of fire
Comestibles
 a - 11 meat rations
 l - a bread ration


   Skills:
 - Level 18.0 Fighting
   Level 0.7 Short Blades
 * Level 20.3 Bows
 - Level 7.0 Throwing
 - Level 10.2 Dodging
 - Level 0.9 Stealth
 - Level 15.0 Shields
 - Level 20.2 Unarmed Combat
 - Level 15.0 Spellcasting
 - Level 5.1 Charms
 - Level 6.1 Necromancy
 - Level 18.1 Translocations
 - Level 10.8 Transmutations
 - Level 14.5 Earth Magic
 - Level 9.1 Evocations


You had 8 spell levels left.
You knew the following spells:

 Your Spells              Type           Power        Failure   Level  Hunger
a - Lee's Rapid Deconstr  Erth           ######....   1%          5    ###....
b - Repel Missiles        Chrm/Air       ####..       1%          2    None
c - Statue Form           Tmut/Erth      ######...    1%          6    #####..
d - Passwall              Tmut/Erth      ######....   1%          2    None
e - Apportation           Tloc           ######....   0%          1    None
f - Blink                 Tloc           N/A          0%          2    None
g - Passage of Golubria   Tloc           N/A          1%          4    None
h - Haste                 Chrm           #####...     52%         6    #####..
i - Regeneration          Chrm/Necr      #####.....   1%          3    None
j - Controlled Blink      Tloc           N/A          9%          8    #######
k - Shatter               Erth           ######....   83%         9    #######


Dungeon Overview and Level Annotations

Branches:
Dungeon (15/15)            Temple (0/1) D:7            Lair (6/6) D:10
  Swamp (4/4) Lair:2       Spider (4/4) Lair:2        Slime (5/5) Lair:6
    Orc (2/2) D:9             Elf (3/3) Orc:2        Vaults (5/5) D:13
  Crypt (3/3) Vaults:2       Tomb (3/3) Crypt:3      Depths (5/5) D:15
   Hell (1/1)                 Dis (7/7) Hell            Geh (7/7) Hell
    Coc (7/7) Hell            Tar (7/7) Hell            Zot (5/5) Depths:5

Altars:
Ashenzari
Hepliaklqana
Kikubaaqudgha
Makhleb
Qazlal
Ru
Vehumet
Yredelemnul
Jiyva

Shops:
D:5 [[(?   D:6 }   D:15 *   Orc:2 [}*[   Elf:1 }   Elf:2 [   Vaults:3 :

Portals:
Hell: Depths:3
Abyss: Depths:4
Pandemonium: Depths:3

Annotations:
D:4 Eustachio
D:13 VAULTs
Lair:2 SWAMP
Lair:6 exclusion: upstairs
Swamp:3 Mara
Swamp:4 Lernaean hydra
Depths:2 5 runed doors
Dis:7 Dispater; Serpent of
Hell
Geh:7 Asmodeus
Coc:7 exclusion: ice statue, murphy's ghost, legendary DEWz
Tar:1 16 runed doors
Tar:7 Ereshkigal


Innate Abilities, Weirdness & Mutations

You are too large for most types of armour.
You have claws for hands.
Your metabolism is lightning-fast.
You like to eat raw meat.
You heal very quickly.
You are covered in fur. (AC +1)
You have very tough skin. (AC +2)
You have large cloven feet.
You are partially covered in icy blue scales. (AC +2)
You are partially covered in rugged brown scales. (AC +1, +3% HP)
Scrolls take you a little longer to read.
Armour fits poorly on your strangely shaped body.
You are very dopey. (Int -4)
You are very frail. (-20% HP)
You are resistant to hostile enchantments. (MR+)
Your system is resistant to poisons. (rPois)
You sometimes yell uncontrollably at your foes.
You are weak. (Str -2)
You evolve.
Potions and wands are poor at restoring your health.


Message History

Confirm with . or Enter, or press ? or * to list all spells.
Which direction?
You begin to meditate on the wall.
You continue meditating on the rock. x4
You finish merging with the rock.
Unknown command.
Evoke which item? (* to show all) (? for menu, Esc to quit)
Zapping:
O - a wand of disintegration (6/24)
Press: ? - help, Shift-Dir - straight line The rock wall explodes into countless fragments.
This wand has 5 charges left.
Casting: Passwall
Confirm with . or Enter, or press ? or * to list all spells.
Aiming: Passage of Golubria
Press: ? - help, Dir - move target cursor You enter the passage of Golubria.
There is a passage of Golubria here.
Unknown command.
Unknown command.
There is a staircase leading out of the dungeon here.
You have escaped!

#..#.#..##.# #.#
..###...##.[..#### #.#
K..#.......##....#####
#.#
#.#.##..####.........#
#.###
#.#.##..####.#.....#.#
#...#
#.#..........#.....#.#
###.#
#.####...###.#.....#.##
#.# #.# ###.#
#.#.....#$.# #.# #.##
###.# #.#..@..#..####.#
#..#
#...###^#.....#....##.#
#.##
#.............#.##.##.#
#.#
#...###.#)....#.##.##.##
#.# ##..#
#.#.....#........# #.#
#..# #.........##.##†.#
#.#
#..######.######...#..#
#..
#.....................#
##.
#.#######[######...##)#


There were no monsters in sight!

Vanquished Creatures
  Antaeus (Coc:7)
  Dissolution (Slime:2)
  the Royal Jelly (Slime:5)
  9 ancient liches
  4 orbs of fire (Zot:5)
  4 pandemonium lords
  2 juggernauts (Depths:5)
  Sojobo (Tomb:1)
  10 greater mummies
  Frederick (Tomb:1)
  Saint Roka (Vaults:5)
  Bai Suzhen (Spider:4)
  5 shard shrikes
  4 Killer Klowns
  A caustic shrike (Depths:2)
  Xtahua (Vaults:4)
  Geryon (Hell)
  3 golden dragons
  A profane servitor (Crypt:3)
  9 bone dragons
  An iron giant (Dis:7)
  A pearl dragon (Pan)
  4 doom hounds
  5 electric golems
  20 Tzitzimimeh
  8 liches
  7 tentacled monstrosities
  13 Brimstone Fiends
  14 Ice Fiends
  13 Hell Sentinels
  20 Orb Guardians (Zot:5)
  5 titans
  4 deep elf blademasters
  A deep elf master archer (Zig:8)
  5 sphinxes
  15 acid blobs
  23 Executioners (Pan)
  7 tentacled starspawn
  A thorn hunter (Swamp:4)
  3 death cobs
  7 ancient champions
  Donald (Swamp:3)
  10 storm dragons
  A storm dragon (shapeshifter) (Zig:7)
  A draconian monk (Depths:5)
  4 warmongers (Pan)
  6 shadow dragons
  9 tengu reavers
  An azure jelly (shapeshifter) (Zig:7)
  5 blood saints (Pan)
  The ghost of mistymad the Brawler, a journeyman TrEE (D:13)
  The ghost of 4thArraOfDagon the Brawler, an adept TrAr of Ashenzari (Elf:3)
  3 revenants
  12 azure jellies
  Roxanne (Elf:2)
  10 frost giants
  4 daevas (Pan)
  10 fire giants
  7 iron dragons
  8 deep elf sorcerers (Elf:3)
  2 draconian scorchers
  5 ghost moths
  Louise (Depths:4)
  Aizul (Spider:4)
  6 angels (Pan)
  2 emperor scorpions
  An orc warlord (Orc:2)
  5 deep elf elementalists
  8 vault wardens
  19 cacodemons
  14 ghouls
  27 balrugs
  7 ironheart preservers
  2 spriggan defenders (Depths:3)
  2 draconian annihilators (Zot:4)
  A draconian shifter (Zot:4)
  4 curse skulls
  15 stone giants
  A draconian caller (Zot:4)
  36 reapers
  11 apis (Pan)
  7 ophanim (Pan)
  5 war gargoyles
  2 elemental wellsprings (Coc:7)
  3 entropy weavers
  5 corrupters (Pan)
  6 deep elf demonologists
  Nessos (D:12)
  4 green draconians
  23 very ugly things
  5 vampire knights
  8 bennus (Tomb:2)
  6 black suns (Pan)
  9 lorocyprocas
  3 white draconians
  4 yellow draconians
  7 deep elf annihilators
  4 purple draconians (Zot:5)
  7 spark wasps
  6 chaos champions (Pan)
  7 eidola (Crypt:3)
  28 blizzard demons
  7 jiangshi
  4 mottled draconians
  19 yaktaur captains
  13 deep elf death magi
  15 green deaths
  22 ettins
  11 fire dragons
  17 mummy priests
  14 ogre magi
  3 quicksilver dragon zombies
  8 deep elf high priests
  2 death oozes (Slime:5)
  A merfolk impaler (D:15)
  9 great orbs of eyes
  2 naga warriors (Zig:6)
  8 rakshasas
  A ghost crab (Swamp:1)
  3 hell beasts (Pan)
  29 ice dragons
  13 hydras
  6 monstrous demonspawn (Pan)
  3 quicksilver dragon skeletons
  7 centaur warriors
  31 vault guards
  8 death knights
  5 spriggan air magi
  Erica (D:9)
  An anaconda (Zig:4)
  6 deep troll shamans
  12 dancing weapons
  8 vampire magi
  A queen ant (shapeshifter) (Vaults:5)
  4 alligators
  21 death scarabs
  5 tengu warriors
  27 hell hogs
  A storm dragon zombie (Crypt:3)
  2 shock serpents (Zig:5)
  42 large abominations
  6 deep troll earth magi
  5 titan zombies
  4 thrashing horrors
  4 naga sharpshooters
  5 orc high priests
  3 death yaks (Lair:6)
  4 spriggan berserkers
  11 iron golems
  21 soul eaters
  16 small abominations
  3 titan skeletons
  43 sun demons
  13 iron trolls
  10 deep elf knights
  6 wretched stars
  33 sixfirhies
  5 shadow wraiths
  19 hell knights
  3 spatial maelstroms
  8 cherubim (Pan)
  2 storm dragon skeletons
  7 gelid demonspawn (Pan)
  6 deep trolls
  A death drake (Tar:1)
  11 infernal demonspawn (Pan)
  9 shadow demons
  63 skeletal warriors
  2 unseen horrors
  3 anaconda zombies
  A ghost moth zombie (Dis:4)
  An unseen horror (shapeshifter) (Depths:2)
  3 wizards
  A spriggan druid (Swamp:4)
  7 giant orange brains
  10 flayed ghosts
  7 swamp dragons (Swamp:4)
  2 shambling mangroves (Swamp:4)
  16 torturous demonspawn (Pan)
  5 golden dragon zombies
  9 putrid demonspawn (Pan)
  A naga ritualist (Zig:6)
  3 tengu zombies (Hell)
  32 phantasmal warriors
  7 deep elf archers
  7 hill giants
  A sphinx zombie (Vaults:1)
  11 orc knights
  3 anaconda skeletons
  3 golden dragon skeletons
  7 necromancers
  10 anubis guards
  8 shadow dragon zombies
  4 wolf spider zombies
  38 deep elf magi
  3 iron dragon zombies
  6 fire giant zombies
  3 human zombies
  11 orc sorcerers
  11 ironbrand convokers
  14 wolf spiders
  2 shining eyes
  An oklob plant (Lair:6)
  6 orb spiders
  A shining eye (shapeshifter) (Depths:5)
  9 hornets
  2 frost giant zombies
  A mana viper (Zig:6)
  3 salamanders
  4 griffons
  7 stone giant zombies
  A frost giant skeleton (Vaults:1)
  60 ugly things
  4 cyclopes
  A manticore (D:13)
  A worldbinder (Abyss:2)
  A salamander (shapeshifter) (Vaults:5)
  5 komodo dragons
  26 rust devils
  7 dire elephant zombies
  6 centaur zombies
  2 human skeletons (Vaults:1)
  4 stone giant skeletons
  6 black mambas
  5 moths of wrath
  9 elephants
  5 ice statues
  3 naga magi (Zig:6)
  3 eyes of devastation
  A guardian serpent (shapeshifter) (Vaults:3)
  3 fire giant skeletons
  11 molten gargoyles
  9 vault sentinels
  26 smoke demons
  An apocalypse crab (Zig:7)
  14 spiny frogs
  12 orange demons
  3 gargoyles
  18 hellions
  A dire elephant skeleton (Pan)
  3 emperor scorpion zombies
  29 freezing wraiths
  A titan simulacrum (Coc:1)
  2 catoblepas zombies
  9 efreet
  10 demonic crawlers
  A kobold demonologist (D:12)
  A rime drake (Lair:6)
  22 tormentors
  27 ice devils
  A black draconian skeleton (Tar:7)
  27 guardian mummies
  33 yaktaurs
  9 harpy zombies
  10 hellwings
  12 trolls
  10 hydra zombies
  28 red devils
  A tengu conjurer (Depths:3)
  17 jumping spiders
  5 ancient zymes
  4 silent spectres
  An iron troll skeleton (Crypt:1)
  6 polar bears
  15 blink frogs
  8 giant leeches
  A wind drake (shapeshifter) (Depths:3)
  A raiju (shapeshifter) (Vaults:5)
  A giant leech (shapeshifter) (Vaults:5)
  A spriggan zombie (Hell)
  8 hydra skeletons
  An alligator zombie (Hell)
  20 two-headed ogres
  23 raiju
  8 boulder beetles
  5 ettin zombies
  14 bog bodies
  4 fire dragon zombies
  25 ushabtiu
  78 slime creatures
  A snapping turtle (shapeshifter) (D:15)
  A meliai zombie (D:12)
  A griffon zombie (Crypt:1)
  A minotaur skeleton (Crypt:1)
  5 ice dragon zombies
  5 ettin skeletons
  4 fire dragon skeletons
  A black mamba zombie (Crypt:3)
  66 flying skulls
  23 shadows
  20 ynoxinuls
  An ice dragon skeleton (Coc:2)
  18 spriggans
  A vampire (D:12)
  30 wraiths
  43 redbacks
  7 tarantellas (Spider:4)
  3 wyverns
  26 yaks
  A yak (shapeshifter) (Depths:2)
  2 black mamba skeletons
  A fire bat (Abyss:2)
  16 water elementals
  21 starcursed masses
  19 fire elementals
  17 chaos spawn
  A steam dragon (D:8)
  9 hippogriffs
  A golden eye (shapeshifter) (Vaults:1)
  6 vampire mosquitoes (Swamp:1)
  11 neqoxecs
  2 basilisks
  4 hungry ghosts
  8 wargs
  2 nagas (Zig:6)
  Edmund (D:4)
  17 swamp worms
  Menkaure (Ossuary)
  3 hydra simulacra
  An ogre zombie (Vaults:1)
  3 insubstantial wisps
  A merfolk zombie (Coc:5)
  10 water moccasins
  4 spatial vortices
  42 hell hounds
  A spiny frog zombie (Coc:7)
  A giant eyeball (shapeshifter) (Depths:2)
  5 porcupines
  4 giant eyeballs
  A merfolk skeleton (Geh:7)
  A meliai simulacrum (D:14)
  41 orc warriors
  9 swamp drakes
  A snapping turtle zombie (Coc:4)
  4 spiny frog skeletons
  10 ice beasts
  2 elf zombies
  6 eyes of draining
  7 black bears
  A swamp dragon zombie (Tomb:1)
  4 boggarts (Lair:6)
  16 wasps
  47 ogres
  An eye of draining (shapeshifter) (Depths:5)
  2 ogres (shapeshifter) (Vaults:5)
  26 necrophages
  5 sky beasts
  4 phantoms
  33 wolves
  6 centaurs
  A swamp dragon skeleton (Coc:5)
  A crocodile (shapeshifter) (Vaults:5)
  2 snapping turtle skeletons
  8 crocodiles
  6 big kobolds (D:9)
  Blork the orc (Orc:2)
  An earth elemental (Elf:3)
  7 gnoll sergeants
  18 giant frogs
  6 wyvern skeletons (Crypt:3)
  3 elf skeletons
  2 scorpions
  A manticore simulacrum (Coc:5)
  A hippogriff zombie (Crypt:1)
  A troll zombie (Crypt:3)
  52 wights
  6 howler monkeys
  3 killer bees (D:12)
  3 electric eels
  16 crimson imps
  2 human simulacra
  2 giant frog zombies (D:13)
  6 quasits
  16 orc priests
  A gnoll shaman (Orc:2)
  5 hounds
  18 iron imps
  5 jellies
  3 centaur skeletons
  2 giant frog skeletons
  23 orc wizards
  4 hell rats (Hell)
  A boulder beetle simulacrum (Vaults:1)
  6 iguanas
  11 worker ants
  A killer bee zombie (D:10)
  4 sheep (Lair:4)
  A tengu skeleton (Coc:7)
  A dwarf zombie (Crypt:2)
  A naga skeleton (Geh:1)
  A hound zombie (D:5)
  2 hound skeletons
  35 mummies
  A howler monkey zombie (D:5)
  11 gnolls
  A steam dragon zombie (Crypt:1)
  9 adders
  53 river rats
  14 shadow imps
  11 white imps
  2 ufetubi
  A lava snake zombie (Crypt:2)
  An adder skeleton (D:9)
  A worm (D:6)
  4 giant geckos
  92 orcs
  A ball python (D:5)
  4 giant cockroaches
  5 gnoll zombies (Ossuary)
  3 goblins
  2 hobgoblins (D:1)
  7 jackals
  6 kobolds
  4 quokkas
  2 bats (D:1)
  2 giant newts
  2 gnoll skeletons (Ossuary)
  4 goblin skeletons (Ossuary)
  2 goblin zombies (Ossuary)
  3 hobgoblin skeletons (Ossuary)
  4 hobgoblin zombies (Ossuary)
  3 kobold skeletons (Ossuary)
  2 kobold zombies (Ossuary)
  3 orc skeletons
  4 orc zombies
  A quokka skeleton (D:4)
  6 rats
  A rat skeleton (Ossuary)
  3 rat zombies (Ossuary)
  A river rat skeleton (Crypt:2)
  4 crawling corpses
  7 starspawn tentacles
  A withered plant (Crypt:3)
3659 creatures vanquished.

Vanquished Creatures (collateral kills)
  A death ooze (Slime:5)
  A skeletal warrior (D:13)
  An orc knight (Bailey)
  An adder (D:6)
4 creatures vanquished.

Vanquished Creatures (others)
  2 liches (Tomb:2)
  2 deep elf master archers (Elf:3)
  4 eldritch tentacles
  A tengu reaver (Vaults:5)
  An elemental wellspring (Coc:7)
  A deep elf high priest (Elf:3)
  A rakshasa (Pan)
  An ice dragon (Coc:7)
  A hell hog (Geh:7)
  A vampire mage (Depths:4)
  27 death scarabs
  3 deep elf knights
  A soul eater (Pan)
  A storm dragon zombie (Geh:7)
  A sixfirhy (Pan)
  An unseen horror (D:13)
  A putrid demonspawn (Pan)
  2 deep elf magi
  A moth of wrath (Zot:5)
  An ugly thing (Vaults:1)
  An ettin zombie (Tomb:2)
  A blink frog (Lair:5)
  2 bog bodies (Swamp:4)
  A large abomination (Abyss:3)
  4 flying skulls
  A ynoxinul (Pan)
  An ice dragon skeleton (Coc:7)
  A spriggan (Swamp:4)
  A wraith (Geh:7)
  A chaos spawn (Pan)
  A water moccasin (Lair:5)
  A hell hound (Geh:7)
  A merfolk skeleton (Tomb:2)
  A swamp drake (Swamp:4)
  A necrophage (Geh:1)
  A snapping turtle skeleton (Geh:7)
  A crocodile (Lair:6)
  2 wights (Geh:1)
  5 mummies
  A white imp (Coc:7)
  An ufetubus (Abyss:3)
  6 ball lightnings (Pan)
  4 orcs
  3 goblin zombies (Ossuary)
  3 hobgoblin skeletons (Ossuary)
  2 kobold skeletons (Ossuary)
  A kobold zombie (Ossuary)
  4 orc skeletons
  2 orc zombies (Ossuary)
  2 rat skeletons (Ossuary)
  A bush (Zot:4)
  A crawling corpse (Elf:3)
  15 fungi
  2 lurking horrors
  10 plants
  19 starspawn tentacles
  2 withered plants (Crypt:3)
161 creatures vanquished.

Grand Total: 3824 creatures vanquished

Notes
Turn   | Place    | Note
-------+----------+-------------------------------------------
     0 | D:1      | 4thArraOfDagon the Troll Artificer began the quest for the Orb.
     0 | D:1      | Reached XP level 1. HP: 18/18 MP: 1/1
    62 | D:1      | stay positive
   107 | D:1      | Reached XP level 2. HP: 25/26 MP: 2/2
   280 | D:2      | Reached skill level 1 in Fighting
   339 | D:2      | Reached XP level 3. HP: 33/33 MP: 3/3
   567 | D:3      | Reached XP level 4. HP: 34/41 MP: 5/5
   647 | D:4      | Found a radiant altar of Vehumet.
   687 | D:4      | hi
   688 | D:4      | Became a worshipper of Vehumet
   772 | D:4      | Reached skill level 1 in Unarmed Combat
   772 | D:4      | Reached XP level 5. HP: 23/49 MP: 6/6
   781 | D:4      | Noticed Eustachio
   850 | D:5      | Entered Level 5 of the Dungeon
   867 | D:5      | Found Lotzooj's Armour Shoppe.
   879 | D:5      | Found Uthas's Armour Emporium.
   923 | D:5      | jacquesderrida: Slein
  1013 | D:5      | Found Qicocuh's Antique Weapon Boutique.
  1020 | D:5      | Found Hirrosmi's Magic Scroll Shop.
  1028 | D:5      | Bought a scroll of identify for 24 gold pieces
  1028 | D:5      | Bought a scroll of noise for 12 gold pieces
  1028 | D:5      | Bought a scroll of immolation for 42 gold pieces
  1035 | D:5      | Reached XP level 6. HP: 56/57 MP: 7/7
  1051 | D:5      | Found a sacrificial altar of Ru.
  1076 | D:4      | Noticed Edmund
  1143 | D:4      | Killed Edmund
  1237 | D:6      | Reached XP level 7. HP: 60/65 MP: 8/8
  1326 | D:6      | Reached * piety under Vehumet
  1326 | D:6      | Offered knowledge of Freeze by Vehumet.
  1342 | D:6      | Reached skill level 5 in Unarmed Combat
  1534 | D:6      | Found Joempael's Gadget Shoppe.
  1577 | D:6      | Reached XP level 8. HP: 60/72 MP: 9/9
  1702 | D:7      | Found a shattered altar of Ashenzari.
  1720 | D:7      | Found a staircase to the Ecumenical Temple.
  1774 | D:7      | Found a stormy altar of Qazlal.
  1877 | D:7      | Found a sand-covered staircase.
  1886 | Ossuary  | Entered an ossuary
  1904 | Ossuary  | Reached ** piety under Vehumet
  1908 | Ossuary  | Offered knowledge of Magic Dart by Vehumet.
  2053 | Ossuary  | Offered knowledge of Conjure Flame by Vehumet.
  2140 | Ossuary  | Noticed Menkaure
  2156 | Ossuary  | Killed Menkaure
  2406 | D:8      | Reached *** piety under Vehumet
  2443 | D:8      | Found a hazy altar of Hepliaklqana.
  2458 | D:8      | jacquesderrida: timmer...
  2481 | D:8      | timbw: jd
  2538 | D:8      | jacquesderrida: Welcome to degin
  2573 | D:8      | Reached XP level 9. HP: 53/79 MP: 10/10
  2613 | D:8      | Reached skill level 10 in Unarmed Combat
  2619 | D:8      | Gained mutation: You are occasionally teleported next to monsters. [mutagenic meat]
  2622 | D:8      | Gained mutation: You possess an exceptional clarity of mind. [mutagenic meat]
  2625 | D:8      | Gained mutation: You are resistant to hostile enchantments. (MR+) [mutagenic meat]
  2771 | D:9      | Found an ancient bone altar of Kikubaaqudgha.
  2884 | D:10     | Ultraviolent4: staying positive ;)
  2884 | D:10     | Entered Level 10 of the Dungeon
  2885 | D:10     | 4thArraOfDagon: D
  2917 | D:10     | Lost mutation: You are occasionally teleported next to monsters. [potion of cure mutation]
  2917 | D:10     | Lost mutation: You possess an exceptional clarity of mind. [potion of cure mutation]
  2917 | D:10     | Lost mutation: You are resistant to hostile enchantments. (MR+) [potion of cure mutation]
  2932 | D:10     | Found a flagged portal.
  2939 | Bailey   | Entered a bailey
  2940 | Bailey   | jacquesderrida: daaaaaaaaang
  2940 | Bailey   | hi
  3010 | Bailey   | Offered knowledge of Force Lance by Vehumet.
  3092 | Bailey   | Noticed an orc knight
  3092 | Bailey   | Noticed an orc knight
  3093 | Bailey   | hi
  3104 | Bailey   | Killed an orc knight
  3146 | Bailey   | hi
  3147 | Bailey   | jacquesderrida: o
  3170 | Bailey   | jacquesderrida: deeeeeeeeeeeeeeeeng
  3233 | D:10     | Noticed a hill giant
  3248 | D:10     | Reached skill level 1 in Shields
  3259 | D:10     | jacquesderrida: a winner is you
  3259 | D:10     | 4thArraOfDagon: welcome
  3273 | D:10     | Killed a hill giant
  3287 | D:10     | Gained mutation: Scrolls take you a little longer to read. [potion of mutation]
  3287 | D:10     | Gained mutation: You tend to lose your temper in combat. [potion of mutation]
  3287 | D:10     | Lost mutation: Scrolls take you a little longer to read. [potion of mutation]
  3288 | D:10     | Gained mutation: You have sharp toenails. [potion of mutation]
  3288 | D:10     | Gained mutation: You are resistant to electric shocks. (rElec) [potion of mutation]
  3288 | D:10     | Lost mutation: You have sharp toenails. [potion of mutation]
  3289 | D:10     | Gained mutation: You evolve. [potion of mutation]
  3289 | D:10     | Gained mutation: You are weak. (Str -2) [potion of mutation]
  3290 | D:10     | Lost mutation: You evolve. [potion of mutation]
  3290 | D:10     | Gained mutation: You are resistant to hostile enchantments. (MR+) [potion of mutation]
  3290 | D:10     | Gained mutation: You are partially covered in icy blue scales. (AC +2) [potion of mutation]
  3291 | D:10     | jacquesderrida: wew
  3291 | D:10     | 4thArraOfDagon: to the land of positivenes
  3291 | D:10     | jacquesderrida: bed
  3305 | D:10     | Reached XP level 10. HP: 87/87 MP: 4/11
  3322 | D:10     | Found a staircase to the Lair.
  3322 | D:10     | Noticed a hill giant
  3335 | D:11     | Killed a hill giant
  3364 | D:11     | Reached **** piety under Vehumet
  3421 | D:11     | Noticed a hill giant
  3422 | D:11     | Noticed a giant orange brain
  3422 | D:11     | a hill giant changed into a giant orange brain
  3431 | D:11     | Killed a giant orange brain
  3485 | D:11     | Noticed a gargoyle
  3496 | D:11     | Killed a gargoyle
  3543 | D:11     | Offered knowledge of Venom Bolt by Vehumet.
  3578 | D:11     | Noticed a purple ugly thing
  3594 | D:11     | Killed a purple ugly thing
  3620 | D:11     | Noticed a cyclops
  3641 | D:11     | Killed a cyclops
  3722 | D:11     | Noticed a six-headed hydra
  3772 | D:11     | Noticed a cyclops
  3780 | D:11     | Killed a cyclops
  3780 | D:11     | Reached skill level 5 in Shields
  3780 | D:11     | Reached XP level 11. HP: 90/93 MP: 12/12
  3794 | D:11     | Gained mutation: You are partially covered in rugged brown scales. (AC +1, +3% HP) [mutagenic meat]
  3800 | D:11     | Lost mutation: You tend to lose your temper in combat. [mutagenic meat]
  3806 | D:11     | Lost mutation: You are weak. (Str -2) [mutagenic meat]
  3809 | D:11     | Gained mutation: You are agile. (Dex +2) [mutagenic meat]
  3809 | D:11     | Gained mutation: You have large cloven feet. [potion of beneficial mutation]
  3820 | D:11     | 4thArraOfDagon: n bad
  3820 | D:11     | 4thArraOfDagon: bed*
  3826 | D:11     | jacquesderrida: Yes
  3826 | D:11     | Noticed a brown ugly thing
  3826 | D:11     | Ultraviolent4: its the positivity
  3843 | D:11     | Ultraviolent4: working
  3845 | D:11     | Killed a brown ugly thing
  3862 | D:11     | jacquesderrida: nat bed at oll
  4018 | D:12     | Noticed Nessos
  4021 | D:12     | jacquesderrida: heh
  4021 | D:12     | 4thArraOfDagon: bad
  4029 | D:12     | jacquesderrida: He won't blink mane
  4034 | D:12     | jacquesderrida: it kool
  4034 | D:12     | Killed Nessos
  4059 | D:12     | Gained mutation: Your system is resistant to poisons. (rPois) [potion of beneficial mutation]
  4060 | D:12     | Gained mutation: You evolve. [potion of beneficial mutation]
  4061 | D:12     | jacquesderrida: oiiiiii
  4061 | D:12     | 4thArraOfDagon: n bed
  4075 | D:12     | 4thArraOfDagon: bed
  4076 | D:12     | jacquesderrida: veree bed
  4270 | D:12     | 4thArraOfDagon: b ned
  4312 | D:12     | Reached skill level 15 in Unarmed Combat
  4317 | D:12     | Noticed a hill giant
  4325 | D:12     | Killed a hill giant
  4417 | D:12     | Reached ***** piety under Vehumet
  4456 | D:12     | Offered knowledge of Lee's Rapid Deconstruction by Vehumet.
  4467 | D:12     | Learned a level 5 spell: Lee's Rapid Deconstruction
  4512 | D:13     | Noticed a skeletal warrior
  4527 | D:13     | jacquesderrida: MISTER SKELETAL
  4534 | D:13     | Killed a skeletal warrior
  4551 | D:12     | jacquesderrida: HE STRONK WARREOR
  4628 | D:12     | Ultraviolent4: doot
  4672 | D:13     | Noticed mistymad's ghost (journeyman TrEE)
  4674 | D:13     | hi
  4681 | D:13     | jacquesderrida: Mister med
  4711 | D:12     | jacquesderrida: Oraks
  4738 | D:13     | Noticed a stone giant
  4738 | D:13     | Noticed a hill giant
  4738 | D:13     | Noticed a hill giant
  4738 | D:13     | Noticed a death knight
  4739 | D:13     | Noticed an ettin
  4739 | D:13     | bed
  4740 | D:13     | jacquesderrida: Oooooooooooooooooooo
  4747 | D:13     | jacquesderrida: That is unfortunate
  4760 | D:13     | n bed
  4800 | D:13     | jacquesderrida: is gud
  4893 | D:13     | Noticed a fire crab
  4938 | D:13     | jacquesderrida: UnBed
  4942 | D:13     | Killed a hill giant
  4942 | D:13     | Reached XP level 12. HP: 65/108 MP: 13/13
  4968 | D:13     | jacquesderrida: >>>>>>>>>>>>>>>>>>>>>petrify
  4968 | D:13     | jacquesderrida: pls...
  4979 | D:13     | jacquesderrida: wew
  4987 | D:13     | Killed mistymad's ghost
  4991 | D:13     | how
  4992 | D:13     | jacquesderrida: Stronk warior
  4998 | D:13     | jacquesderrida: wew
  4999 | D:13     | jacquesderrida: wat
  4999 | D:13     | jacquesderrida: pls
  5005 | D:13     | jacquesderrida: wato hel
  5014 | D:13     | jacquesderrida: Time to blank
  5030 | D:13     | jacquesderrida: THAT WAS THE ENTRANCE
  5050 | D:11     | jacquesderrida: KREB LET THEM ALL OUT!!
  5054 | D:11     | Ultraviolent4: mvp blocks
  5121 | D:11     | Reached skill level 5 in Dodging
  5123 | D:11     | DAGON'ed
  5144 | D:10     | jacquesderrida: Kick'd
  5300 | D:9      | Noticed Erica
  5313 | D:9      | Killed Erica
  5397 | D:9      | Found a staircase to the Orcish Mines.
  5410 | D:9      | jacquesderrida: wew
  5430 | D:9      | jacquesderrida: gnollcrawl is real
  5496 | Orc:1    | Entered Level 1 of the Orcish Mines
  5551 | Orc:1    | Reached skill level 5 in Fighting
  5597 | Orc:1    | Noticed an orc high priest
  5622 | Orc:1    | Killed an orc high priest
  5636 | Orc:1    | Offered knowledge of Throw Icicle by Vehumet.
  5707 | Orc:2    | Entered Level 2 of the Orcish Mines
  5709 | Orc:2    | Noticed Blork the orc
  5857 | Orc:2    | Killed Blork the orc
  5877 | Orc:2    | Found a dark tunnel.
  5883 | Volcano  | Entered a volcano
  5913 | Volcano  | Ultraviolent4: pro
  5953 | Volcano  | jacquesderrida: Contra
  5969 | Volcano  | jacquesderrida: Olso thanks!
  5985 | Volcano  | jacquesderrida: oooooooooooooooooo
  6003 | Orc:2    | jacquesderrida: >>>>>>>>>>>>>>>>>>>>>>>>>>>>>>>>>>>>>>>>>rF+ shoes
  6026 | Orc:2    | jacquesderrida: meng..........................
  6040 | Orc:2    | jacquesderrida: fills bed men
  6121 | Orc:2    | Noticed an orc warlord
  6204 | Orc:2    | Killed an orc warlord
  6204 | Orc:2    | Reached XP level 13. HP: 103/125 MP: 14/14
  6243 | Orc:2    | Noticed a stone giant
  6247 | Orc:2    | Killed a stone giant
  6248 | Orc:2    | rofl
  6339 | Orc:2    | Reached skill level 10 in Shields
  6371 | Orc:2    | Found a staircase to the Elven Halls.
  6507 | Orc:2    | 4thArraOfDagon: sec
  6507 | Orc:2    | Ultraviolent4: do you ever swing bread irl?
  6507 | Orc:2    | 4thArraOfDagon: hacked
  6507 | Orc:2    | 4thArraOfDagon: no
  6507 | Orc:2    | 4thArraOfDagon: i the bread swings me
  6535 | Orc:2    | 4thArraOfDagon: gsc is much better
  6749 | Orc:2    | Found Geiruvug's Armour Emporium.
  6749 | Orc:2    | Found Humnaesu's Armour Emporium.
  6750 | Orc:2    | Found Pullac's Assorted Antiques.
  6751 | Orc:2    | Found Yzi Luw's Gadget Boutique.
  6779 | Orc:2    | jacquesderrida: oooo
  6792 | Orc:2    | jacquesderrida: armers
  6794 | Orc:2    | jacquesderrida: >>>>>>>>>>>>>>>>>>>>>>>>>>>>>>>+0
  6794 | Orc:2    | Bought a scroll labeled FIMMUKHL ISKION for 28 gold pieces
  6794 | Orc:2    | Bought a bubbling amethyst potion for 25 gold pieces
  6794 | Orc:2    | jacquesderrida: eiiii lmeo
  6806 | Orc:2    | Bought a wand of disintegration (18/24) for 352 gold pieces
  6814 | Orc:2    | Bought a sharpened silver wand for 112 gold pieces
  6814 | Orc:2    | Bought a notched agate ring for 140 gold pieces
  6814 | Orc:2    | 4thArraOfDagon: gud?
  6814 | Orc:2    | jacquesderrida: ARMER SCROLL
  6818 | Orc:2    | Bought a scroll of enchant armour for 210 gold pieces
  6818 | Orc:2    | jacquesderrida: TO ARMER THE ARMER UP
  7018 | Lair:1   | Entered Level 1 of the Lair of Beasts
  7160 | Lair:1   | Offered knowledge of Freezing Cloud by Vehumet.
  7846 | Lair:3   | Found a frozen archway.
  7869 | Lair:3   | Reached XP level 14. HP: 130/134 MP: 15/15
  7877 | IceCv    | Entered an ice cave
  8026 | IceCv    | Learned a level 4 spell: Ice Form
  8105 | Lair:4   | Offered knowledge of Orb of Destruction by Vehumet.
  8264 | Lair:6   | Entered Level 6 of the Lair of Beasts
  8264 | Lair:6   | Found a staircase to the Slime Pits.
  8636 | Lair:6   | bed ending
  8852 | Lair:6   | Reached ****** piety under Vehumet
  8906 | Lair:6   | jacquesderrida: finaly
  8920 | Lair:6   | jacquesderrida: Invincibility
  8925 | Lair:6   | jacquesderrida: My old frend
  8932 | Lair:6   | Offered knowledge of Delayed Fireball by Vehumet.
  9056 | Lair:6   | jacquesderrida: >>>>>>>>>>>>>>>>>>>>>>>>>>>>>>>>>>my mfw-face when that bailey gifted you immortality
  9065 | Lair:5   | jacquesderrida: eiiiiiiiii
  9118 | Lair:5   | Ultraviolent4: ru nand hyde
  9133 | Lair:5   | jacquesderrida: okey
  9141 | Lair:5   | jacquesderrida: My neim is Ru
  9147 | Lair:5   | jacquesderrida: Ru Nand
  9164 | Lair:5   | jacquesderrida: The third
  9263 | Lair:5   | jacquesderrida: hory shit
  9269 | Lair:5   | jacquesderrida: all ded
  9305 | Lair:5   | jacquesderrida: >>>>>>>>>>>>>>>>>>>>>maximum helth
  9305 | Lair:5   | jacquesderrida: eeeeeeeeeee
  9487 | Lair:2   | 4thArraOfDagon: where
  9487 | Lair:2   | 4thArraOfDagon: where now
  9487 | Lair:2   | 4thArraOfDagon: elves
  9640 | Orc:2    | jacquesderrida: deng meng
  9662 | Elf:1    | Entered Level 1 of the Elven Halls
  9663 | Elf:1    | 4thArraOfDagon: will be gut
  9665 | Elf:1    | jacquesderrida: Yes
  9670 | Elf:1    | jacquesderrida: I a gree
  9802 | Elf:1    | jacquesderrida: vegument bed
  9834 | Elf:1    | Reached skill level 15 in Shields
  9849 | Elf:1    | Ultraviolent4: vehumet carrying
  9917 | Elf:1    | Ultraviolent4: just stay positive
  9925 | Elf:1    | Reached skill level 1 in Transmutations
  9925 | Elf:1    | Reached skill level 1 in Earth Magic
 10091 | Elf:2    | Reached skill level 1 in Spellcasting
 10091 | Elf:2    | Reached XP level 15. HP: 141/141 MP: 16/16
 10147 | Elf:2    | Noticed Roxanne
 10148 | Elf:2    | 4thArraOfDagon: see
 10148 | Elf:2    | 4thArraOfDagon: it pays off!
 10175 | Elf:2    | Killed Roxanne
 10176 | Elf:2    | Identified Roxanne's Collected Works on the Mountains (You took it off Roxanne on level 2 of the Elven Halls)
 10185 | Elf:2    | Learned a level 6 spell: Statue Form
 10200 | Elf:3    | Entered Level 3 of the Elven Halls
 10227 | Elf:3    | Offered knowledge of Iron Shot by Vehumet.
 10228 | Elf:3    | Noticed a deep elf sorcerer
 10239 | Elf:3    | Killed a deep elf sorcerer
 10248 | Elf:3    | Noticed a deep elf sorcerer
 10272 | Elf:3    | Noticed a deep elf blademaster
 10288 | Elf:3    | Killed a deep elf blademaster
 10294 | Elf:3    | Killed a deep elf sorcerer
 10390 | Elf:3    | Noticed a deep elf sorcerer
 10390 | Elf:3    | Noticed 4thArraOfDagon's ghost (adept TrAr)
 10391 | Elf:3    | WAT
 10405 | Elf:3    | Killed a deep elf sorcerer
 10447 | Elf:3    | Killed 4thArraOfDagon's ghost
 10447 | Elf:3    | Reached skill level 5 in Earth Magic
 10752 | Elf:3    | Noticed a deep elf sorcerer
 10775 | Elf:3    | Killed a deep elf sorcerer
 10777 | Elf:3    | Ultraviolent4: im going to bad
 10785 | Elf:3    | Ultraviolent4: gl
 10840 | Elf:3    | Reached skill level 5 in Transmutations
 10872 | Elf:3    | Noticed a deep elf master archer
 10890 | Elf:3    | Killed a deep elf master archer
 10944 | Elf:3    | Noticed a deep elf blademaster
 11192 | Elf:3    | 4thArraOfDagon: stay positive
 11206 | Elf:2    | 4thArraOfDagon: :)
 11219 | Elf:2    | Ultraviolent4: positivity worked again
 11228 | Elf:2    | Ultraviolent4: so stronk
 11228 | Elf:2    | Ultraviolent4: bye
 11562 | Elf:3    | Killed a deep elf blademaster
 11562 | Elf:3    | Reached XP level 16. HP: 117/150 MP: 19/19
 11593 | Elf:3    | jacquesderrida: buy
 11675 | Elf:2    | Got a ring of the Octopus King
 11676 | Elf:2    | jacquesderrida: TRAG
 11676 | Elf:2    | Identified a ring of the Octopus King {MP+9 AC+1 EV+1 Str+1 Int+1 Dex+1} (You took it off a deep elf demonologist on level 2 of the Elven Halls)
 11677 | Elf:2    | ty
 11699 | Elf:2    | jacquesderrida: Octoper
 11966 | Elf:2    | Offered knowledge of Conjure Ball Lightning by Vehumet.
 11972 | Elf:2    | Learned a level 2 spell: Passwall
 12110 | Elf:3    | jacquesderrida: Swing TRAG AX
 12113 | Elf:3    | jacquesderrida: It SLOW
 12124 | Elf:3    | jacquesderrida: :D : D :D
 12129 | Elf:3    | jacquesderrida: D: D: D:
 12134 | Elf:3    | Noticed a deep elf master archer
 12140 | Elf:3    | Killed a deep elf master archer
 12201 | Elf:2    | 4thArraOfDagon: 2h
 12313 | Elf:3    | Noticed a deep elf blademaster
 12534 | Elf:3    | bed
 12548 | Elf:3    | Killed a deep elf blademaster
 12549 | Elf:3    | Lost mutation: You evolve. [mutagenic glow]
 12675 | Elf:3    | Cast into level 2 of the Abyss (a deep elf sorcerer)
 12676 | Abyss:2  | Ty
 12707 | Abyss:2  | jacquesderrida: waw
 12747 | Abyss:2  | Identified 2 scrolls of acquirement
 12755 | Abyss:2  | jacquesderrida: oooooooooo
 12799 | Abyss:2  | Got a scintillating tin ring
 12800 | Abyss:2  | Identified the ring "Qeoxy" {+Blink rPois AC+1} (You acquired it on level 2 of the Abyss)
 12886 | Abyss:2  | WTF
 12975 | Abyss:2  | Found a corrupted altar of Lugonu.
 12988 | Abyss:2  | Noticed an ancient lich
 12989 | Abyss:2  | Noticed a tentacled starspawn
 13019 | Abyss:2  | Killed an ancient lich
 13021 | Elf:3    | Escaped the Abyss
 13194 | Elf:3    | Killed a tentacled starspawn
 13194 | Elf:3    | Reached skill level 10 in Earth Magic
 13403 | Elf:3    | Learned a level 1 spell: Apportation
 13406 | Elf:3    | Learned a level 2 spell: Blink
 13411 | Elf:3    | Learned a level 4 spell: Passage of Golubria
 13443 | Elf:3    | :)
 13529 | Elf:2    | Found Sewkymme's Armour Emporium.
 13564 | Elf:2    | Bought the +2 cloak of the Thief {+Fog Slay-2 SInv Stlth+} for 991 gold pieces
 13582 | Elf:1    | Found Deurphoda's Gadget Shop.
 13877 | Lair:2   | Found a hole to the Spider Nest.
 13888 | Spider:1 | Entered Level 1 of the Spider Nest
 13972 | Spider:1 | Reached XP level 17. HP: 157/157 MP: 23/23
 14328 | Spider:4 | Entered Level 4 of the Spider Nest
 14444 | Spider:4 | Noticed Aizul
 14451 | Spider:4 | Noticed Bai Suzhen
 14472 | Spider:4 | Killed Aizul
 14486 | Spider:4 | Killed Bai Suzhen
 14486 | Spider:4 | Reached skill level 5 in Spellcasting
 14549 | Spider:4 | 4thArraOfDagon: will carry orbs to the surface?!
 14573 | Spider:4 | :(
 14674 | Spider:4 | jacquesderrida: make an orb necklace
 14696 | Spider:4 | Offered knowledge of Lehudib's Crystal Spear by Vehumet.
 14696 | Spider:4 | Offered knowledge of Shatter by Vehumet.
 14696 | Spider:4 | Offered knowledge of Chain Lightning by Vehumet.
 14963 | Spider:4 | Got a gossamer rune of Zot
 15080 | Spider:2 | Reached skill level 10 in Transmutations
 15231 | Lair:2   | Found a staircase to the Swamp.
 15254 | Swamp:1  | Entered Level 1 of the Swamp
 15575 | Swamp:4  | Entered Level 4 of the Swamp
 15691 | Swamp:3  | Noticed Mara
 15692 | Swamp:3  | hi
 16034 | Swamp:4  | Reached XP level 18. HP: 166/166 MP: 25/25
 16069 | Swamp:4  | Got a brightly glowing tin amulet
 16073 | Swamp:4  | Identified the amulet "Maulim" {Regen+ Str+4} (You found it on level 4 of the Swamp)
 16140 | Swamp:4  | Noticed the 27-headed Lernaean hydra
 16146 | Swamp:4  | jacquesderrida: ooooo
 16146 | Swamp:4  | Got a decaying rune of Zot
 16172 | Swamp:4  | jacquesderrida: HYDER STATUS: TRICK'D
 16201 | Swamp:4  | Got a heavily jewelled robe
 16202 | Swamp:4  | Identified the +1 robe of the New World {rF+ rCorr SInv Stlth-} (You found it on level 4 of the Swamp)
 16389 | Swamp:3  | Noticed Donald
 16400 | Swamp:3  | Killed Donald
 16600 | D:13     | WB
 16676 | D:13     | Reached skill level 1 in Translocations
 16854 | D:13     | Found a gate to the Vaults.
 17044 | D:15     | Entered Level 15 of the Dungeon
 17258 | D:15     | jacquesderrida: you can just make a macros for that, meng
 17349 | Vaults:1 | Entered Level 1 of the Vaults
 17350 | Vaults:1 | jacquesderrida: equip staff-cast-unequip
 17978 | Vaults:2 | Found a staircase to the Crypt.
 18144 | Vaults:3 | Reached XP level 19. HP: 177/177 MP: 27/27
 18286 | Vaults:3 | Found Bionwen's Book Emporium.
 18386 | Vaults:4 | Reached skill level 5 in Translocations
 18421 | Vaults:4 | Noticed Xtahua
 18432 | Vaults:4 | Killed Xtahua
 19231 | Vaults:5 | Entered Level 5 of the Vaults
 19334 | Vaults:5 | Noticed a lich
 19339 | Vaults:5 | Killed a lich
 19374 | Vaults:5 | Noticed a golden dragon
 19379 | Vaults:5 | Killed a golden dragon
 19473 | Vaults:5 | Learned a level 6 spell: Haste
 19605 | Vaults:5 | Reached XP level 20. HP: 190/190 MP: 28/28
 19652 | Vaults:5 | tstbtto: why?
 19703 | Vaults:5 | Got a flickering brass ring
 19705 | Vaults:5 | Identified the ring "Qirreun" {rN+ Str+4 Int+4 Stlth+} (You took it off a vault guard on level 5 of the Vaults)
 19853 | Vaults:5 | tstbtto: why Vehumet?
 19897 | Vaults:5 | 4thArraOfDagon: random god
 20019 | Vaults:5 | Noticed Saint Roka
 20028 | Vaults:5 | Killed Saint Roka
 20064 | Vaults:5 | Noticed a golden dragon
 20067 | Vaults:5 | Killed a golden dragon
 20257 | Vaults:5 | Identified Anuetik's Volume of Assistive Dislocation
 20261 | Vaults:5 | Learned a level 2 spell: Repel Missiles
 20265 | Vaults:5 | Learned a level 3 spell: Regeneration
 20375 | Vaults:5 | Identified the amulet "Bimyucs" {Gourm Int+4 Stlth+} (You took it off a vault warden on level 5 of the Vaults)
 20418 | Vaults:5 | Gained mutation: You are dopey. (Int -2) [mutagenic glow]
 20434 | Vaults:5 | Identified the +0 robe of the Sea {*Corrode rN+ Int+2 SInv} (You found it on level 5 of the Vaults)
 20435 | Vaults:5 | timbw: vehmet
 20435 | Vaults:5 | timbw: Oo
 20438 | Vaults:5 | Got a silver rune of Zot
 20454 | Vaults:5 | Reached skill level 10 in Fighting
 20466 | Vaults:5 | Reached XP level 21. HP: 203/203 MP: 29/29
 20756 | Crypt:1  | Entered Level 1 of the Crypt
 20793 | Crypt:1  | Reached skill level 10 in Dodging
 20894 | Crypt:1  | Reached skill level 5 in Evocations
 21179 | Crypt:3  | Entered Level 3 of the Crypt
 21600 | Crypt:3  | Found a basalt altar of Yredelemnul.
 21741 | Crypt:3  | Identified the amulet of Ojul Mygui {Gourm Stlth+} (You took it off a skeletal warrior on level 3 of the Crypt)
 21765 | Crypt:3  | Noticed a profane servitor
 21773 | Crypt:3  | Killed a profane servitor
 21797 | Crypt:3  | Identified the Reference Book on Evil Rites
 22064 | Crypt:3  | Found a staircase to the Tomb.
 22090 | Tomb:1   | Entered Level 1 of the Tomb of the Ancients
 22151 | Tomb:1   | Noticed Frederick
 22161 | Tomb:1   | Killed Frederick
 22161 | Tomb:1   | Reached XP level 22. HP: 195/212 MP: 33/33
 22309 | Tomb:1   | Noticed a greater mummy
 22326 | Tomb:1   | Killed a greater mummy
 22424 | Tomb:1   | Noticed an ancient lich
 22426 | Tomb:1   | Killed an ancient lich
 22426 | Tomb:1   | Reached skill level 10 in Spellcasting
 22428 | Tomb:1   | Noticed Sojobo
 22437 | Tomb:1   | Killed Sojobo
 22576 | Tomb:2   | Noticed a greater mummy
 22576 | Tomb:2   | Noticed a greater mummy
 22576 | Tomb:2   | Noticed an ancient lich
 22578 | Tomb:2   | Noticed a greater mummy
 22686 | Tomb:3   | Entered Level 3 of the Tomb of the Ancients
 22698 | Tomb:3   | Learned a level 8 spell: Controlled Blink
 22744 | Tomb:2   | Reached skill level 1 in Necromancy
 22756 | Tomb:3   | Reached skill level 1 in Charms
 22769 | Tomb:3   | Noticed a greater mummy
 22842 | Tomb:3   | Noticed a greater mummy
 22842 | Tomb:3   | Noticed a greater mummy
 22854 | Tomb:3   | Noticed a greater mummy
 22855 | Tomb:3   | Noticed a greater mummy
 22889 | Tomb:2   | Killed a greater mummy
 22907 | Tomb:3   | Noticed a greater mummy
 22908 | Tomb:3   | Noticed a greater mummy
 22988 | Tomb:3   | Noticed a greater mummy
 22992 | Tomb:2   | Killed a greater mummy
 23031 | Tomb:3   | Noticed a greater mummy
 23040 | Tomb:2   | Killed a greater mummy
 23057 | Tomb:2   | Leszczynek: so when will tomb be finally removed from the game?
 23096 | Tomb:2   | Killed a greater mummy
 23110 | Tomb:2   | jacquesderrida: It will be removed yesterday
 23159 | Tomb:2   | jacquesderrida: Patiently wait when it comes
 23176 | Tomb:2   | Killed a greater mummy
 23176 | Tomb:2   | Reached skill level 5 in Necromancy
 23231 | Tomb:2   | Killed a greater mummy
 23242 | Tomb:2   | Killed a greater mummy
 23313 | Tomb:2   | Killed a greater mummy
 23313 | Tomb:2   | Reached skill level 5 in Charms
 23313 | Tomb:2   | Reached XP level 23. HP: 171/220 MP: 36/36
 23458 | Tomb:3   | Killed a greater mummy
 23534 | Tomb:3   | Identified the Guide on the Volcanoes (You found it on level 3 of the Tomb of the Ancients)
 23534 | Tomb:3   | Identified Wuuck's Reference Book on the Freezing Blaze (You found it on level 3 of the Tomb of the Ancients)
 23557 | Tomb:3   | Got a golden rune of Zot
 23602 | Tomb:3   | Identified the ring of Midwinter {Wiz +Blink Int+3 Dex+4} (You found it on level 3 of the Tomb of the Ancients)
 23673 | Tomb:1   | Noticed a greater mummy
 23674 | Tomb:1   | Noticed a greater mummy
 23678 | Tomb:1   | Noticed a greater mummy
 24138 | Slime:1  | Entered Level 1 of the Pits of Slime
 24253 | Slime:2  | Noticed Dissolution
 24254 | Slime:2  | :O
 24259 | Slime:2  | Killed Dissolution
 24365 | Slime:5  | Entered Level 5 of the Pits of Slime
 24556 | Slime:5  | Noticed the Royal Jelly
 24636 | Slime:5  | Gained mutation: You are frail. (-10% HP) [a shining eye]
 24650 | Slime:5  | Found a viscous altar of Jiyva.
 24802 | Slime:5  | Killed the Royal Jelly
 24820 | Slime:5  | Got a slimy rune of Zot
 24854 | Slime:5  | Identified the ring "Wabynk" {Ice rPois Str+4} (You found it on level 5 of the Pits of Slime)
 24888 | Slime:5  | Identified the ring "Pumak" {Dex+5 SInv} (You found it on level 5 of the Pits of Slime)
 24988 | Lair:5   | Reached skill level 10 in Translocations
 25203 | D:15     | Found Efonui's Evil Emporium.
 25208 | D:15     | Found a basalt altar of Yredelemnul.
 25245 | D:15     | Found a staircase to the Depths.
 25265 | Depths:1 | Entered Level 1 of the Depths
 25275 | D:15     | Reached XP level 24. HP: 207/207 MP: 36/36
 25506 | Depths:2 | Found a large runed door.
 25510 | Depths:2 | Found a large runed door.
 25591 | Depths:2 | Found a large runed door.
 25763 | Depths:2 | Found a large runed door.
 25813 | Depths:2 | Found a large runed door.
 25814 | Depths:2 | Found a large runed door.
 25831 | Depths:2 | Found a large runed door.
 25869 | Depths:2 | Identified the Disquisition on the Mountains and Attacks (You found it on level 2 of the Depths)
 25954 | Depths:2 | Found a gateway to a ziggurat.
 25993 | Zig:1    | Entered Level 1 of a ziggurat
 25994 | Zig:1    | Noticed Izazo the pandemonium lord
 26007 | Zig:2    | Entered Level 2 of a ziggurat
 26038 | Zig:3    | Entered Level 3 of a ziggurat
 26041 | Zig:3    | Noticed Hohifeus the pandemonium lord
 26060 | Zig:3    | Killed Hohifeus the pandemonium lord
 26067 | Zig:4    | Entered Level 4 of a ziggurat
 26118 | Zig:4    | 4thArraOfDagon: -82%
 26118 | Zig:4    | 4thArraOfDagon: negative exp
 26119 | Zig:5    | Entered Level 5 of a ziggurat
 26129 | Zig:5    | magipi: hello
 26133 | Zig:5    | joew: bug? I missed it
 26134 | Zig:5    | Reached XP level 25. HP: 213/213 MP: 36/36
 26178 | Zig:6    | Entered Level 6 of a ziggurat
 26240 | Zig:6    | Identified the ring of Seta {rN+ Stlth+} (You found it on level 6 of a ziggurat)
 26243 | Zig:7    | Entered Level 7 of a ziggurat
 26292 | Zig:8    | Entered Level 8 of a ziggurat
 26301 | Zig:8    | magipi: what are you looking for here?
 26354 | Zig:8    | Reached skill level 15 in Translocations
 26355 | Zig:8    | Got a faintly glowing robe
 26360 | Zig:9    | Entered Level 9 of a ziggurat
 26395 | Zig:9    | Reached XP level 26. HP: 222/222 MP: 36/36
 26402 | Zig:9    | Noticed an orb of fire
 26418 | Zig:9    | Gained mutation: Your spells are a little easier to cast, but a little less powerful. [an orb of fire]
 26469 | Depths:2 | Identified the +0 robe of the Queen {Dex+6} (You found it on level 8 of a ziggurat)
 26516 | Depths:3 | 4thArraOfDagon: resistances
 26517 | Depths:3 | 4thArraOfDagon: i lack everything
 26526 | Depths:3 | Reached XP level 27. HP: 217/229 MP: 36/36
 26557 | Depths:5 | Entered Level 5 of the Depths
 26565 | Depths:4 | Noticed Louise
 26584 | Depths:4 | Killed Louise
 26589 | Depths:4 | Found a one-way gate to the infinite horrors of the Abyss.
 26674 | Depths:4 | magipi: honest answer :D
 27048 | Depths:3 | Found a gateway to Hell.
 27093 | Depths:3 | Found a one-way gate leading to the halls of Pandemonium.
 27235 | Depths:3 | Paralysed by a giant eyeball for 3 turns
 27310 | Depths:3 | seren: why vehumet ?
 27432 | Depths:3 | magipi: holy shit,really, a Veh troll
 27434 | Pan      | Entered Pandemonium
 27540 | Pan      | Found an exit through the horrors of the Abyss.
 27561 | Pan      | Took an exit into the Abyss.
 27561 | Abyss:1  | Escaped into the Abyss
 27640 | Abyss:1  | 4thArraOfDagon: why veh
 27640 | Abyss:1  | 4thArraOfDagon: tell me
 27754 | Depths:3 | Escaped the Abyss
 27756 | Pan      | Entered Pandemonium
 27799 | Pan      | Noticed Akuakog the pandemonium lord
 27813 | Pan      | Killed Akuakog the pandemonium lord
 27941 | Pan      | Noticed Moreirr Meun the pandemonium lord
 27955 | Pan      | Paralysed by Moreirr Meun for 6 turns
 27969 | Pan      | Killed Moreirr Meun the pandemonium lord
 28001 | Pan      | Entered the realm of Mnoleg.
 28015 | Pan      | Gained mutation: You occasionally shout uncontrollably at your foes. [a neqoxec]
 28031 | Pan      | Lost mutation: You are resistant to electric shocks. (rElec) [a neqoxec]
 28053 | Pan      | Noticed Mnoleg
 28094 | Pan      | Got a glowing rune of Zot
 28142 | Pan      | 4thArraOfDagon: ninjari bang bang
 28156 | Pan      | seren: a troll with Cblink is interesting
 28302 | Pan      | 4thArraOfDagon: rf++!!!
 28302 | Pan      | 4thArraOfDagon: !!!11!!1!!1
 28307 | Pan      | Noticed a seraph
 28317 | Pan      | Found a glowing golden altar of the Shining One.
 28321 | Pan      | Got a demonic rune of Zot
 28498 | Pan      | Found a white marble altar of Elyvilon.
 28549 | Depths:3 | Escaped Pandemonium
 28551 | Pan      | Entered Pandemonium
 28582 | Pan      | magipi: but really, does Veh do anything?
 28594 | Pan      | 4thArraOfDagon: no
 28596 | Pan      | 4thArraOfDagon: just mp from kills
 28600 | Pan      | magipi: switch to mak?
 28616 | Pan      | tstbtto: he gives you MP!
 28627 | Pan      | Noticed Mnoleg
 28677 | Pan      | seren: mnoleg again, you can come back to the same realm even if you have stolen the rune ?
 28690 | Pan      | seren: or is it a different one ?
 28693 | Pan      | Lost mutation: You are frail. (-10% HP) [a cacodemon]
 28694 | Pan      | Noticed Coik the pandemonium lord
 28702 | Pan      | Got a transparent large shield
 28743 | Pan      | magipi: the realm is different, but unique lord come after you if you steal
 28767 | Pan      | seren: I thought it was only during orb run
 28786 | Pan      | magipi: that too
 28826 | Pan      | magipi: this is sometiung only sionce 0.17 (?)
 28826 | Pan      | 4thArraOfDagon: ok so what title do we want
 28826 | Pan      | 4thArraOfDagon: i dont need further skills
 28826 | Pan      | magipi: stealth?
 28826 | Pan      | magipi: :D
 28826 | Pan      | 4thArraOfDagon: ninjari troll?
 28826 | Pan      | magipi: but seriously train throwing
 28826 | Pan      | 4thArraOfDagon: trollish catapult i think i got this
 28826 | Pan      | seren: you did not max out regen I think
 28826 | Pan      | magipi: large rocks, you know
 28826 | Pan      | magipi: can 1-shot a lot of dudes
 28826 | Pan      | 4thArraOfDagon: hmm k
 28853 | Pan      | Reached skill level 1 in Throwing
 28877 | Pan      | Identified the +10 large shield of Tipnuet {Str+3 SInv} (You acquired it in Pandemonium)
 28899 | Pan      | Found an exit through the horrors of the Abyss.
 28951 | Pan      | Found a runed door.
 28952 | Pan      | Noticed Dehokehionk the pandemonium lord
 29094 | Depths:3 | Escaped Pandemonium
 29096 | Pan      | Entered Pandemonium
 29103 | Pan      | Reached skill level 5 in Throwing
 29212 | Pan      | Noticed Emisuole the pandemonium lord
 29263 | Pan      | 4thArraOfDagon: or bows?
 29265 | Pan      | Got a crude longbow
 29308 | Pan      | Reached skill level 1 in Bows
 29311 | Pan      | Found an exit through the horrors of the Abyss.
 29344 | Pan      | Found an exit through the horrors of the Abyss.
 29353 | Pan      | Took an exit into the Abyss.
 29353 | Abyss:1  | Escaped into the Abyss
 29357 | Abyss:1  | Found a corrupted altar of Lugonu.
 29420 | Abyss:1  | Learned a level 9 spell: Shatter
 29484 | Abyss:1  | Found a corrupted altar of Lugonu.
 29782 | Abyss:1  | Reached skill level 5 in Bows
 30188 | Abyss:3  | Found an iron altar of Okawaru.
 30266 | Abyss:3  | Got an abyssal rune of Zot
 30275 | Abyss:4  | Found a corrupted altar of Lugonu.
 30435 | Depths:3 | Escaped the Abyss
 30437 | Pan      | Entered Pandemonium
 30520 | Pan      | Found an exit through the horrors of the Abyss.
 30531 | Pan      | Took an exit into the Abyss.
 30531 | Abyss:1  | Escaped into the Abyss
 30594 | Depths:3 | Escaped the Abyss
 30596 | Pan      | Entered Pandemonium
 30721 | Pan      | Gained mutation: You are very dopey. (Int -4) [a neqoxec]
 30728 | Pan      | Noticed Mnoleg
 30790 | Pan      | Identified the +1 longbow of Valiance {flame, rF+ MR+ Str+2 Dex+2} (You took it off a red devil in Pandemonium)
 30852 | Pan      | Noticed Tizyled the pandemonium lord
 30863 | Pan      | Killed Tizyled the pandemonium lord
 30863 | Pan      | Reached skill level 10 in Bows
 30914 | Pan      | Found an exit through the horrors of the Abyss.
 30934 | Pan      | Took an exit into the Abyss.
 30934 | Abyss:1  | Escaped into the Abyss
 30934 | Abyss:1  | Found a corrupted altar of Lugonu.
 30944 | Abyss:1  | Paralysed by accursed screaming for 1 turns
 30948 | Abyss:1  | Paralysed by accursed screaming for 1 turns
 31039 | Depths:3 | Escaped the Abyss
 31041 | Pan      | Entered Pandemonium
 31204 | Pan      | Entered the realm of Lom Lobon.
 31303 | Pan      | Noticed Lom Lobon
 31307 | Pan      | Got a magical rune of Zot
 31333 | Pan      | Found an exit through the horrors of the Abyss.
 31339 | Pan      | Found an exit through the horrors of the Abyss.
 31367 | Pan      | Entered the realm of Gloorx Vloq.
 31434 | Pan      | Gained mutation: Potions and wands are less effective at restoring your health. [a cacodemon]
 31456 | Pan      | Gained mutation: You are frail. (-10% HP) [a cacodemon]
 31481 | Pan      | Gained mutation: You evolve. [potion of beneficial mutation]
 31671 | Pan      | Noticed Gloorx Vloq
 31676 | Pan      | Got a dark rune of Zot
 31740 | Pan      | Noticed Gloorx Vloq
 31744 | Pan      | Noticed Mnoleg
 31797 | Pan      | Noticed Rayfup the pandemonium lord
 31801 | Depths:3 | Escaped Pandemonium
 31804 | Pan      | Entered Pandemonium
 31853 | Pan      | Noticed Diohiquivu the pandemonium lord
 31853 | Pan      | Noticed Mnoleg
 31862 | Pan      | Gained mutation: Armour fits poorly on your strangely shaped body. [a cacodemon]
 31885 | Pan      | Gained mutation: You sometimes yell uncontrollably at your foes. [a cacodemon]
 32003 | Pan      | Noticed Nicaddet the pandemonium lord
 32009 | Pan      | Noticed Mnoleg
 32033 | Pan      | Found an exit through the horrors of the Abyss.
 32042 | Pan      | Got a shimmering shield
 32062 | Pan      | Found an exit through the horrors of the Abyss.
 32080 | Pan      | Took an exit into the Abyss.
 32080 | Abyss:1  | Escaped into the Abyss
 32080 | Abyss:1  | Found a corrupted altar of Lugonu.
 32087 | Depths:3 | Escaped the Abyss
 32091 | Pan      | Entered Pandemonium
 32148 | Pan      | Found an exit through the horrors of the Abyss.
 32159 | Depths:3 | Escaped Pandemonium
 32161 | Pan      | Entered Pandemonium
 32283 | Pan      | Noticed Biblat the pandemonium lord
 32287 | Pan      | Found an exit through the horrors of the Abyss.
 32291 | Pan      | Entered the realm of Cerebov.
 32472 | Pan      | Got a translucent tin ring
 32474 | Pan      | Identified the ring "Uqyusm" {rPois rN+} (You took it off a crimson imp in Pandemonium)
 32478 | Pan      | Noticed Cerebov
 32485 | Pan      | Got a fiery rune of Zot
 32622 | Pan      | Found an exit through the horrors of the Abyss.
 32632 | Pan      | Took an exit into the Abyss.
 32632 | Abyss:1  | Escaped into the Abyss
 32651 | Abyss:2  | DISCO TEK
 32658 | Depths:3 | Escaped the Abyss
 32662 | Depths:3 | murphy: wtf? troll of vehumet? XD
 32696 | Depths:3 | 4thArraOfDagon: :D
 32696 | Depths:3 | 4thArraOfDagon: with bows
 32696 | Depths:3 | murphy: can u give pls give morgue
 32696 | Depths:3 | murphy: ?
 32696 | Depths:3 | 4thArraOfDagon: here ya go
 32696 | Depths:3 | murphy: thx :)
 32698 | Hell     | Entered the Vestibule of Hell
 32698 | Hell     | Noticed Geryon
 32871 | Hell     | Killed Geryon
 32877 | Hell     | Reached skill level 15 in Bows
 32925 | Hell     | Found a gateway to the decaying netherworld of Tartarus.
 32934 | Tar:1    | Entered Level 1 of Tartarus
 32934 | Tar:1    | Found a gateway to Hell.
 33016 | Tar:1    | Found a huge runed gate.
 33016 | Tar:1    | Found a huge runed gate.
 33016 | Tar:1    | Found a huge runed gate.
 33016 | Tar:1    | Found a huge runed gate.
 33016 | Tar:1    | Found a huge runed gate.
 33016 | Tar:1    | Found a huge runed gate.
 33016 | Tar:1    | Found a huge runed gate.
 33016 | Tar:1    | Found a huge runed gate.
 33016 | Tar:1    | Found a huge runed gate.
 33016 | Tar:1    | Found a huge runed gate.
 33040 | Tar:1    | Found a huge runed gate.
 33040 | Tar:1    | Found a huge runed gate.
 33040 | Tar:1    | Found a huge runed gate.
 33041 | Tar:1    | Found a huge runed gate.
 33041 | Tar:1    | Found a huge runed gate.
 33041 | Tar:1    | Found a huge runed gate.
 33182 | Tar:1    | Noticed an ancient lich
 33188 | Tar:1    | Killed an ancient lich
 33235 | Tar:2    | Found a gateway to Hell.
 33470 | Tar:3    | Found a gateway to Hell.
 33500 | Tar:4    | Found a gateway to Hell.
 33548 | Tar:4    | Found a gateway to Hell.
 33560 | Tar:5    | Found a gateway to Hell.
 33648 | Tar:5    | Found a gateway to Hell.
 33752 | Tar:5    | Found a gateway to Hell.
 33759 | Tar:6    | Found a gateway to Hell.
 33794 | Tar:7    | Entered Level 7 of Tartarus
 33794 | Tar:7    | Found a gateway to Hell.
 33887 | Tar:7    | Found a gateway to Hell.
 33936 | Tar:7    | Noticed an ancient lich
 33940 | Tar:7    | Killed an ancient lich
 34276 | Tar:7    | Noticed Ereshkigal
 34280 | Tar:7    | Got a bone rune of Zot
 34289 | Tar:7    | Found a gateway to Hell.
 34342 | Hell     | Found a gateway to the freezing wastes of Cocytus.
 34354 | Coc:1    | Entered Level 1 of Cocytus
 34354 | Coc:1    | Found a gateway to Hell.
 34431 | Coc:2    | Found a gateway to Hell.
 34447 | Coc:2    | Found a gateway to Hell.
 34518 | Coc:2    | Found a gateway to Hell.
 34530 | Coc:3    | Found a gateway to Hell.
 34604 | Coc:4    | Found a gateway to Hell.
 34628 | Coc:5    | Found a gateway to Hell.
 34757 | Coc:6    | Found a gateway to Hell.
 34757 | Coc:6    | Found a gateway to Hell.
 34760 | Coc:7    | Entered Level 7 of Cocytus
 34814 | Coc:7    | Noticed murphy's ghost (legendary DEWz)
 34815 | Coc:7    | murphy: lol
 34815 | Coc:7    | murphy: #
 34815 | Coc:7    | lo
 34815 | Coc:7    | Leszczynek: ha ha
 34815 | Coc:7    | murphy: what spell can he cast
 34815 | Coc:7    | magipi: oh no
 34815 | Coc:7    | 4thArraOfDagon: how did you die
 34815 | Coc:7    | Leszczynek: to melee hits from antaeus, or so i heard
 34815 | Coc:7    | 4thArraOfDagon: ice fiend'd?
 34815 | Coc:7    | 4thArraOfDagon: oh
 34815 | Coc:7    | murphy: no anataeus slaughtered me
 34817 | Coc:7    | magipi: http://crawl.xtahua.com/crawl/morgue/murphy/morgue-murphy-20160816-144201.txt
 34831 | Coc:7    | murphy: i had glaciate on my char too
 34881 | Coc:7    | Leszczynek: and shatter
 34888 | Coc:7    | Leszczynek: just for the statue form
 34902 | Coc:7    | murphy: oh yeah
 34907 | Coc:7    | murphy: damn
 34915 | Coc:7    | murphy: this ghost is danger
 34929 | Coc:7    | Lost mutation: Your spells are a little easier to cast, but a little less powerful. [evolution]
 34938 | Coc:7    | murphy: i think i will not go into the ice hell soon
 34972 | Coc:7    | murphy: usually i leave my ghosts in zot 5
 34997 | Coc:7    | Noticed Antaeus
 34997 | Coc:7    | KALASHNIKOVE
 35015 | Coc:7    | Killed Antaeus
 35107 | Coc:7    | Got a faintly glowing cloak
 35107 | Coc:7    | Got an icy rune of Zot
 35321 | Coc:7    | Found a gateway to Hell.
 35321 | Coc:7    | Found a gateway to Hell.
 35321 | Coc:7    | Found a gateway to Hell.
 35369 | Hell     | Found a gateway to the Iron City of Dis.
 35378 | Dis:1    | Entered Level 1 of the Iron City of Dis
 35378 | Dis:1    | Found a gateway to Hell.
 35615 | Dis:2    | Found a gateway to Hell.
 35634 | Dis:3    | Found a gateway to Hell.
 35725 | Dis:3    | Found a gateway to Hell.
 35735 | Dis:4    | Found a gateway to Hell.
 35847 | Dis:4    | Found a burning altar of Makhleb.
 35967 | Dis:5    | Found a gateway to Hell.
 35969 | Dis:5    | 4thArraOfDagon: markstroll
 35969 | Dis:5    | murphy: :P
 35994 | Dis:5    | murphy: u only trained bow to get this title?
 36017 | Dis:5    | Found a gateway to Hell.
 36038 | Dis:6    | Found a gateway to Hell.
 36184 | Dis:7    | Entered Level 7 of the Iron City of Dis
 36184 | Dis:7    | Found a gateway to Hell.
 36437 | Dis:7    | 4thArraOfDagon: yes
 36437 | Dis:7    | 4thArraOfDagon: style > use
 36518 | Dis:7    | Noticed Dispater
 36519 | Dis:7    | Noticed the Serpent of Hell
 36524 | Dis:7    | Got an iron rune of Zot
 36575 | Hell     | Found a gateway to the ashen valley of Gehenna.
 36587 | Geh:1    | Entered Level 1 of Gehenna
 36587 | Geh:1    | Found a gateway to Hell.
 36714 | Geh:1    | murphy: i like that
 36768 | Geh:2    | Found a gateway to Hell.
 36778 | Geh:3    | Found a gateway to Hell.
 36875 | Geh:4    | Found a gateway to Hell.
 36933 | Geh:5    | Found a gateway to Hell.
 37000 | Geh:6    | Found a gateway to Hell.
 37007 | Geh:6    | WHATS THIS
 37092 | Geh:7    | Entered Level 7 of Gehenna
 37092 | Geh:7    | Found a gateway to Hell.
 37092 | Geh:7    | Found a gateway to Hell.
 37092 | Geh:7    | Found a gateway to Hell.
 37186 | Geh:7    | Reached skill level 15 in Fighting
 37269 | Geh:7    | Gained mutation: Scrolls take you a little longer to read. [mutagenic glow]
 37458 | Geh:7    | Noticed Asmodeus
 37463 | Geh:7    | Got an obsidian rune of Zot
 37511 | Geh:7    | meh
 37651 | Hell     | Gained mutation: You are very frail. (-20% HP) [mutagenic glow]
 37687 | Depths:3 | Lost mutation: You are very frail. (-20% HP) [mutagenic glow]
 37745 | Depths:5 | Gained mutation: You are very frail. (-20% HP) [mutagenic glow]
 37746 | Depths:5 | meh
 37748 | Depths:5 | MEH
 37787 | Depths:5 | Noticed a juggernaut
 37793 | Depths:5 | Killed a juggernaut
 37839 | Depths:5 | Noticed a juggernaut
 37849 | Depths:5 | Killed a juggernaut
 37904 | Depths:5 | Found a gate to the Realm of Zot.
 37933 | Zot:1    | Entered Level 1 of the Realm of Zot
 38149 | Zot:5    | Entered Level 5 of the Realm of Zot
 38352 | Zot:5    | Noticed an orb of fire
 38356 | Zot:5    | Noticed an ancient lich
 38356 | Zot:5    | Gained mutation: You are weak. (Str -2) [an orb of fire]
 38358 | Zot:5    | Killed an orb of fire
 38362 | Zot:5    | Killed an ancient lich
 38375 | Zot:5    | Noticed an ancient lich
 38395 | Zot:5    | Killed an ancient lich
 38409 | Zot:5    | Noticed an ancient lich
 38422 | Zot:5    | Killed an ancient lich
 38439 | Zot:5    | Noticed an ancient lich
 38463 | Zot:5    | Killed an ancient lich
 38479 | Zot:5    | Noticed an orb of fire
 38483 | Zot:5    | Killed an orb of fire
 38530 | Zot:5    | Noticed an orb of fire
 38531 | Zot:5    | Gained mutation: Potions and wands are poor at restoring your health. [an orb of fire]
 38539 | Zot:5    | Killed an orb of fire
 38577 | Zot:5    | Noticed an ancient lich
 38581 | Zot:5    | Killed an ancient lich
 38604 | Zot:5    | Noticed an orb of fire
 38607 | Zot:5    | Lost mutation: You are agile. (Dex +2) [an orb of fire]
 38612 | Zot:5    | Killed an orb of fire
 38619 | Zot:5    | Got the Orb of Zot
 38631 | Zot:5    | Noticed Xeastayn the pandemonium lord
 38642 | Zot:5    | Noticed an ancient lich
 38647 | Zot:5    | Noticed Moxteof the pandemonium lord
 38689 | Zot:3    | Reached skill level 15 in Spellcasting
 38786 | Depths:2 | timbw: vehumet
 38799 | Depths:2 | timbw: and bows
 38804 | Depths:1 | timbw: nice troll
 38814 | Depths:1 | zkyp: such a troll
 38840 | D:15     | seren: I hope it will end up as a character guide in the wiki
 38881 | D:14     | timbw: thats probably how he came up with it
 38882 | D:14     | 4thArraOfDagon: yea
 39072 | D:1      | 4thArraOfDagon: this
 39073 | D:$      | Escaped with the Orb!

Vault maps used:
D:1:      minmay_arrival_semitransparent
D:2:      minmay_diamond_boxcup, minmay_fountain_box
D:3:      tso_metal_star, first_bread, lemuel_tele_altar
D:4:      vehumet_altar_wand_db, st_stairs_9, uniq_edmund, uniq_eustachio
D:5:      lemuel_doored_altar, serial_shops, shop_statue, shop, shop, shop,
          serial_glass, glass_columns_a, glass_columns_b, glass_columns_a,
          glass_columns_a, glass_columns_a, glass_columns_c,
          nicolae_ru_sacrificial_ziggurat
D:6:      serial_shops, nicolae_shop_competitors_out_of_business
D:7:      ashenzari_altar_1, chequers_ossuary_entry_cave, basic_altar,
          grunt_livestock
D:8:      lemuel_crystal_altar, hangedman_misty_isle
D:9:      kennysheep_mini_moat, kiku_gazebo_garden_becter,
          kennysheep_orc_monster_closet_entryway, uniq_erica
D:10:     minmay_lair_entry_lava, enter_bailey_2, minmay_misc_feat_alley
D:11:     corner_web_ring, grunt_ministairs_1
D:12:     nicolae_wwwww, onia_ninara_cookie, uniq_nessos
D:13:     minmay_octo_star, lightli_vaults_fourway_checkpoint, spider_trap
D:15:     grunt_enter_depths_hoard, nicolae_evil_shop
Lair:1:   serial_bayou_pond_d
Lair:2:   nicolae_swamp_entry_splash_gauntlet, spider_nest_entry_funnel_web,
          grunt_forest_stairs_clearing
Lair:3:   portal_ice_cave_demonic_guard, minivault_26,
          nicolae_quartered_pool_medium, serial_bayou_shore_a,
          lemuel_fruit_fields, infiniplex_staircase_pool_2
Lair:4:   beast_lair_carwin_9, grunt_megastairs_1
Lair:6:   minmay_lair_end_enchanted_forest, minmay_slime_entry_oklob_open,
          lemuel_old_faithful
Swamp:1:  hangedman_swamp_ruin_wall, infiniplex_staircase_pool
Swamp:2:  evilmike_swamp_ruin_house_1, swamp_pool1
Swamp:3:  evilmike_swamp_ruin_house_2, uniq_mara, uniq_donald
Swamp:4:  grunt_swamp_rune_castle, swamp_pool2, evilmike_swamp_ruin_house_6,
          nicolae_swamp_fairy_circle
Spider:4: spider_rune_water, uniq_aizul, uniq_bai_suzhen
Slime:2:  dissolution_awaits
Slime:4:  cheibrodos_slime_lost_civilization_1
Orc:1:    serial_shops, shop
Orc:2:    st_orc_elflike, enter_volcano_1, sword_in_stone
Elf:1:    elf_arrival_001, serial_shops, shop, hangedman_elf_represent,
          minmay_shop_grove, uniq_azrael
Elf:2:    serial_shops, nicolae_shop_temple_entry_statues_fountains,
          nicolae_elf_big_sculpture_3, uniq_roxanne
Elf:3:    minmay_elf_hall_four_x
Vaults:1: ontoclasm_vaults_loading_screen, vaults_room_grunt_arrival_ludios,
          v_rooms_4, hangedman_vaults_capsules, grunt_vaults_swirl, v_rooms_2,
          v_pattern_2, ontoclasm_vaults_misaligned, nicolae_vaults_rhombus_5
Vaults:2: minmay_crypt_entry_simple_plaza, vaults_mumra_hex,
          nicolae_vaults_meeting, nicolae_vaults_theta,
          nicolae_vaults_little_squares_6, v_pattern_4,
          hangedman_vaults_river_flow, v_misc_19, vaults_mumra_lcd,
          vaults_mumra_hexcomb
Vaults:3: nicolae_vaults_alarming, vaults_room_stairs_pillars,
          nicolae_vaults_little_squares_1, vaults_dpeg_ring, serial_shops, shop
Vaults:4: v_misc_14, vaults_room_guarded_vault, grunt_vaults_bifocal,
          ontoclasm_vaults_bender, nicolae_vaults_circle_grid_a,
          hangedman_vaults_nails, nicolae_vaults_network_s,
          vaults_standard_mumra_lines, vaults_room_fours,
          nicolae_vaults_border_crossing, vaults_standard_mumra_x,
          ontoclasm_vaults_decontamination, uniq_xtahua
Vaults:5: serial_shops, uniq_saint_roka
Crypt:1:  uniq_boris
Crypt:2:  minmay_guarded_unrand_majin_bo, nicolae_crypt_small_crypt
Crypt:3:  evilmike_haunted_forest
Tomb:1:   uniq_frederick, uniq_sojobo
Depths:1: serial_bayou, serial_bayou_lake_a, serial_bayou_pond_a,
          serial_bayou_lagoon_b, serial_bayou_pond_b, grunt_pan_entry_spiral,
          hell_entry, minmay_misc_feat_diagonals, kb_rosetta
Depths:2: minmay_five_octagons, enter_ziggurat_e, hangedman_coc_ice_floe,
          serial_glass, glass_columns_a, glass_columns_c
Depths:3: evilmike_marble_ring, grunt_hell_entry_dis_old, minmay_misc_feat_x,
          rand_demon_pan_entry_1
Depths:4: minmay_smoke_and_mirrors, minivault_11,
          nicolae_abyss_entry_one_way_or_another, hangedman_tar_grid_catacomb,
          evilmike_minifort, uniq_mennas
Depths:5: hangedman_slaughterboxes, hell_entry
Dis:4:    kennysheep_iron_temple
Dis:6:    hangedman_dis_chains
Dis:7:    dis_st
Geh:6:    nicolae_geh_sunburst, evilmike_ambush
Geh:7:    geh_hangedman
Coc:7:    coc_grunt_cove
Tar:1:    grunt_deathspiral_small, nicolae_tar_cuneiform_bread, door_vault
Tar:6:    nicolae_tar_cuneiform_sun
Tar:7:    tar_grunt_ereshkigal, tar_grunt_big_loot, tar_grunt_small_loot,
          tar_grunt_small_loot, tar_grunt_small_loot, nicolae_tar_cuneiform_two,
          tar_grunt_decor_cross_ortho, tar_grunt_small_decor_pillar,
          tar_grunt_decor_8, tar_grunt_small_decor_pillar, tar_grunt_decor_8,
          tar_grunt_decor_cross_ortho, tar_grunt_small_decor_pillar,
          tar_grunt_decor_cross_diag, tar_grunt_decor_octagon_7,
          nicolae_tar_cuneiform_bird, tar_grunt_decor_8,
          tar_grunt_decor_circle_5, tar_grunt_decor_1
Zot:1:    circus_mu, zot_minivault_1
Zot:2:    lemuel_golem_globe
Zot:3:    stair_cage_open
Zot:4:    grunt_zot_stairs_overgrown, st_stairs_4
Zot:5:    grunt_ministairs_3
Abyss:1:  small_statue_intersection, patterned_corridor, due_exit_kobolds,
          bh_abyss_exit_choice
Abyss:2:  evilmike_abyss_exit_15, evilmike_abyss_exit_8, evilmike_abyss_exit_12
Abyss:3:  hangedman_stitches_earthworm, evilmike_abyss_rune_ettins,
          hangedman_decor_riveting, evilmike_abyss_exit_8
Abyss:4:  evilmike_abyss_exit_smiterflies
Pan:      evilmike_mini_pan_possible_glass, nicolae_pan_diamonds, rand_demon_3,
          nicolae_pan_mnolegish_4, rand_demon_6, mnoleg_grunt,
          pan_blood_fountain, evilmike_holy_pan, evilmike_mini_pan_pillars,
          uniq_mnoleg, pan_blood_fountain_small, nicolae_pan_glass_arcs,
          nicolae_pan_diamonds, uniq_mnoleg, evilmike_mini_pan_corridor,
          rand_demon_6, rand_demon_9, evilmike_mini_pan_3x3,
          pan_blood_fountain_small, pan_blood_fountain, rand_demon_1,
          rand_demon_1, pan_blood_fountain, rand_demon_6, pan_blood_fountain,
          evilmike_mini_pan_other_thingy, rand_demon_4, rand_demon_4,
          uniq_mnoleg, grunt_pan_sceptre, nicolae_pan_mnolegish_5, rand_demon_1,
          pan_blood_fountain_small, evilmike_mini_pan_thingy,
          pan_blood_fountain_2, lom_lobon_st, nicolae_pan_sigil_uleosi,
          regret_index_pan_draining_boxed, uniq_lom_lobon,
          evilmike_mini_pan_possible_glass, nicolae_pan_cerebovesque_1,
          gloorx_vloq, special_room, rand_demon_1, uniq_gloorx_vloq,
          uniq_mnoleg, nicolae_pan_mnolegish_3, nicolae_pan_sigil_obb,
          nicolae_pan_double_arrow, uniq_gloorx_vloq, evilmike_mini_pan_doors_b,
          uniq_mnoleg, evilmike_mini_pan_pillars_b, uniq_lom_lobon,
          pan_blood_fountain, evilmike_mini_pan_doors, uniq_gloorx_vloq,
          uniq_mnoleg, nicolae_pan_glass_arcs, uniq_mnoleg, grunt_pan_pentagram,
          pan_blood_fountain_small, pan_blood_fountain,
          evilmike_mini_pan_doors_b, pan_blood_fountain, pan_blood_fountain_2,
          grunt_pan_in_and_out, uniq_gloorx_vloq, uniq_mnoleg,
          evilmike_mini_pan_possible_glass, evilmike_mini_pan_V, cerebov_grunt,
          pan_blood_fountain_small, nicolae_pan_mnolegish_1
Zig:8:    ziggurat_pillar_centre_dead_trees
Ossuary:  ossuary_due_pyramid
Bailey:   bailey_polearm_1, bailey
IceCv:    ice_cave_statue_garden_chambered
Volcano:  volcano_aerie

Skill      XL: |  1  2  3  4  5  6  7  8  9 10 11 12 13 14 15 16 17 18 19 20 21 22 23 24 25 26 27 |
---------------+----------------------------------------------------------------------------------+-----
Dodging        | 2 3 4 5 6 8 9 10 | 10.2
Fighting       | 1 2 3 6 7 8 10 18 | 18.0
Unarmed Combat | 1 2 4 6 9 12 14 15 16 17 18 19 20 | 20.2
Evocations     | 3 9 |  9.1
Shields        | 2 5 7 9 12 15 | 15.0
Transmutations | 2 6 8 10 | 10.8
Earth Magic    | 2 7 10 12 13 14 | 14.5
Spellcasting   | 1 3 4 5 6 8 10 15 | 15.0
Translocations | 4 5 10 13 15 18 | 18.1
Necromancy     | 6 |  6.1
Charms         | 5 |  5.1
Throwing       | 7 |  7.0
Bows           | 20 | 20.3
Short Blades   | |  0.7
Stealth        | |  0.9

Action                   |  1- 3 |  4- 6 |  7- 9 | 10-12 | 13-15 | 16-18 | 19-21 | 22-24 | 25-27 || total
-------------------------+-------+-------+-------+-------+-------+-------+-------+-------+-------++-------
Melee: Unarmed           |   103 |   141 |   350 |   734 |  1643 |  1589 |  1193 |  1047 |  3976 || 10776
       Punch             |       |       |     8 |       |       |       |       |       |       ||     8
       Kick              |       |       |       |   172 |   460 |   480 |   445 |   364 |  1419 ||  3340
       Staff             |       |       |       |       |       |       |       |     4 |       ||     4
Throw: Large rock        |       |       |       |     4 |     5 |     1 |     1 |     1 |    15 ||    27
 Cast: Statue Form       |       |       |       |       |       |    53 |    53 |    60 |   187 ||   353
       Blink             |       |       |       |       |       |       |     1 |       |     3 ||     4
       Passage of Golubr |       |       |       |       |       |       |     1 |    53 |    37 ||    91
       Apportation       |       |       |       |       |       |       |     4 |    52 |    74 ||   130
       Regeneration      |       |       |       |       |       |       |       |    75 |   243 ||   318
       Passwall          |       |       |       |       |       |       |       |     4 |    34 ||    38
       Repel Missiles    |       |       |       |       |       |       |       |     2 |     6 ||     8
       Controlled Blink  |       |       |       |       |       |       |       |       |    53 ||    53
       Lee's Rapid Decon |       |       |       |       |       |       |       |       |    28 ||    28
 Abil: Evoke Berserk Rag |       |       |       |       |       |     3 |       |       |       ||     3
       End Transformatio |       |       |       |       |       |       |     1 |     7 |     3 ||    11
       Evoke Fog         |       |       |       |       |       |       |       |     2 |     9 ||    11
       Evoke Blink       |       |       |       |       |       |       |       |     1 |       ||     1
Evoke: Wand              |       |       |     5 |     2 |    18 |     9 |     2 |    23 |    60 ||   119
       Phantom mirror    |       |       |       |       |       |       |       |     1 |     1 ||     2
       Rod               |       |       |       |       |       |       |       |       |     3 ||     3
  Use: Scroll            |       |     5 |    15 |     9 |    14 |    23 |    16 |    10 |    40 ||   132
       Potion            |       |       |     7 |     9 |    14 |     9 |     1 |     6 |    35 ||    81
 Stab: Sleeping          |       |     1 |       |       |       |    11 |    10 |     5 |     9 ||    36
       Invisible         |       |       |       |     1 |       |     4 |       |       |       ||     5
       Paralysed         |       |       |       |       |       |     2 |       |       |       ||     2
       Distracted        |       |       |       |       |       |     1 |     1 |     3 |     1 ||     6
       Petrifying        |       |       |       |       |       |       |       |       |     4 ||     4
       Petrified         |       |       |       |       |       |       |       |       |     5 ||     5
  Eat: Chunk             |     9 |     4 |    27 |    32 |    48 |    98 |    56 |    37 |    95 ||   406
       Pizza             |       |     1 |     1 |       |     1 |       |       |       |     1 ||     4
       Beef jerky        |       |       |       |     1 |     1 |     2 |       |       |     1 ||     5
       Royal jelly       |       |       |       |     1 |       |     2 |       |       |       ||     3
       Fruit             |       |       |       |       |       |       |     4 |    10 |     8 ||    22
       Bread ration      |       |       |       |       |       |       |     2 |     8 |    17 ||    27
       Meat ration       |       |       |       |       |       |       |       |       |    14 ||    14
Armor: Robe              |    50 |    33 |    65 |     2 |       |    23 |     1 |     6 |    16 ||   196
       Ice dragon armour |       |       |     4 |   210 |   271 |   101 |       |       |       ||   586
       Skin              |       |       |       |       |       |   496 |   414 |   586 |  1548 ||  3044
Dodge: Dodged            |    70 |    45 |   116 |    82 |   170 |   571 |   439 |   490 |  1863 ||  3846
       Deflected         |       |       |       |       |       |       |       |    12 |    15 ||    27
Block: Other             |       |    15 |    39 |       |       |       |       |       |       ||    54
       Large shield      |       |       |    20 |   680 |  1513 |  2253 |  1667 |  1784 |  6830 || 14747
       Reflection        |       |       |     2 |    13 |    38 |    61 |       |       |       ||   114
